[Event "December 5 Late 2023"]
[Site "https://www.chess.com"]
[Date "2023.12.05"]
[Round "7"]
[White "Saito, Vinicius"]
[Black "Solon, Nathan"]
[Result "1-0"]
[Board "55"]
[TimeControl "180+1"]
[WhiteFideId "2113384"]
[BlackFideId "2017229"]
[WhiteElo "2432"]
[BlackElo "2678"]
[WhiteTeam "BRA"]
[BlackTeam "USA"]
[WhiteClock "0:00:35"]
[BlackClock "0:00:02"]

1. e4 c5 2. Nf3 Nf6 3. e5 Nd5 4. Nc3 e6 5. Nxd5 exd5 6. d4 Nc6 7. c3 d6 8. exd6 Bxd6 9. Bd3 O-O 10. dxc5 Bxc5 11. O-O Bg4 12. h3 Bh5 13. Be2 Re8 14. Nd4 Bg6 15. Be3 Bd6 16. Nxc6 bxc6 17. b4 Qh4 18. Bd3 Re6 19. Bd4 Rae8 20. Qf3 Bh5 21. g3 Bxf3 22. gxh4 Rh6 23. Rfe1 Ree6 24. Bf5 Rxe1+ 25. Rxe1 Kf8 26. Re3 Bd1 27. Re1 Ba4 28. Bd7 f6 29. Re6 Bf4 30. Kg2 Rxh4 31. Bc5+ Kf7 32. Re1 Rh5 33. Be8+ 1-0

[Event "December 5 Late 2023"]
[Site "https://www.chess.com"]
[Date "2023.12.05"]
[Round "7"]
[White "Amburgy, Ryan"]
[Black "Buchenau, Frank"]
[Result "1-0"]
[Board "56"]
[TimeControl "180+1"]
[WhiteFideId "30924820"]
[BlackFideId "4604350"]
[WhiteElo "2672"]
[BlackElo "2427"]
[WhiteTeam "USA"]
[BlackTeam "GER"]
[WhiteClock "0:02:06"]
[BlackClock "0:01:46"]

1. d4 e6 2. Nc3 d5 3. Bf4 a6 4. e4 Bb4 5. exd5 exd5 6. Bd3 Ne7 7. Ne2 Bf5 8. a3 Ba5 9. O-O O-O 10. Na4 Nd7 11. Ng3 Bg6 12. Qf3 b5 13. Nc5 Nxc5 14. dxc5 Re8 15. b4 1-0

[Event "December 5 Late 2023"]
[Site "https://www.chess.com"]
[Date "2023.12.05"]
[Round "7"]
[White "Zakarian, David"]
[Black "Vlassov, Nikolai"]
[Result "1-0"]
[Board "57"]
[TimeControl "180+1"]
[WhiteFideId "13301276"]
[BlackFideId "4103360"]
[WhiteElo "2405"]
[BlackElo "2653"]
[WhiteTeam "ARM"]
[BlackTeam "FID"]
[WhiteClock "0:00:05"]
[BlackClock "0:00:03"]

1. f4 g6 2. Nf3 Bg7 3. e4 d5 4. e5 c5 5. c3 Nc6 6. Bb5 Bg4 7. h3 Bxf3 8. Qxf3 e6 9. d3 Ne7 10. Ba4 Qb6 11. Qf2 h5 12. O-O Nf5 13. a3 Kf8 14. b4 cxb4 15. axb4 Nce7 16. Bd1 Qxf2+ 17. Rxf2 g5 18. Rfa2 Nc8 19. d4 gxf4 20. Bxf4 Bh6 21. Bxh6+ Rxh6 22. Nd2 Rb8 23. b5 b6 24. Bc2 Nfe7 25. c4 Rb7 26. cxd5 Nxd5 27. Be4 f6 28. Rc2 Nce7 29. Nc4 Rc7 30. Nd6 Rxc2 31. Bxc2 fxe5 32. dxe5 Ng6 33. Bxg6 Rxg6 34. Rxa7 Ne3 35. Rf7+ Kg8 36. Rf2 Rg5 37. Re2 Nd5 38. Nc4 Nf4 39. Rd2 Nd5 40. Kf2 Rg7 41. Kf3 Rf7+ 42. Ke4 Rf4+ 43. Kd3 Rf1 44. Kc2 Nb4+ 45. Kb3 Nd5 46. Nd6 Kg7 47. g4 h4 48. g5 Rf3+ 49. Kc4 Rxh3 50. Rxd5 exd5+ 51. Kxd5 Rb3 52. e6 Kf8 53. g6 Rd3+ 54. Ke5 Re3+ 55. Kd5 h3 56. g7+ Kg8 57. Nf5 Rxe6 58. Kxe6 h2 59. Kf6 h1=Q 60. Ne7+ Kh7 61. g8=Q+ Kh6 62. Qg6# 1-0

[Event "December 5 Late 2023"]
[Site "https://www.chess.com"]
[Date "2023.12.05"]
[Round "7"]
[White "Bonin, Jay"]
[Black "Papasimakopoulos, Alexandros"]
[Result "1/2-1/2"]
[Board "58"]
[TimeControl "180+1"]
[WhiteFideId "2000644"]
[BlackFideId "4244125"]
[WhiteElo "2396"]
[BlackElo "2652"]
[WhiteTeam "USA"]
[BlackTeam "GRE"]
[WhiteClock "0:00:48"]
[BlackClock "0:01:32"]

1. d4 d5 2. Nf3 e6 3. c4 a6 4. Nbd2 Nf6 5. Qc2 Be7 6. g3 O-O 7. Bg2 c6 8. O-O b5 9. b3 Bb7 10. Bb2 Nbd7 11. e4 dxe4 12. Nxe4 c5 13. Nxf6+ Bxf6 14. dxc5 Bxb2 15. Qxb2 bxc4 16. Rfd1 Qc7 17. b4 a5 18. a3 Bd5 19. Ng5 Bxg2 20. Kxg2 Rfb8 21. Qc2 Nf6 22. Qxc4 axb4 23. axb4 Rxa1 24. Rxa1 h6 25. Ne4 Nd5 26. b5 Rc8 27. Qd4 f5 28. b6 Qc6 29. Ra7 Nf6 30. Rxg7+ Kxg7 31. Qxf6+ Kg8 32. Qg6+ Kf8 33. Qxh6+ Kg8 34. Qg6+ Kf8 35. Qh6+ Kg8 36. Qg6+ Kf8 37. Qh6+ 1/2-1/2

[Event "December 5 Late 2023"]
[Site "https://www.chess.com"]
[Date "2023.12.05"]
[Round "7"]
[White "Stevens, Matthew"]
[Black "Goltsev, Dmitry"]
[Result "1/2-1/2"]
[Board "59"]
[TimeControl "180+1"]
[WhiteFideId "2067633"]
[BlackFideId "24176710"]
[WhiteElo "2362"]
[BlackElo "2651"]
[WhiteTeam "USA"]
[BlackTeam "RUS"]
[WhiteClock "0:00:06"]
[BlackClock "0:00:13"]

1. d4 e6 2. c4 b6 3. Nf3 Bb7 4. Bf4 Nf6 5. e3 d6 6. Nc3 Nbd7 7. Be2 Be7 8. h3 O-O 9. O-O Re8 10. Qc2 Bf8 11. Rfd1 a5 12. a3 Qe7 13. b4 e5 14. Bh2 exd4 15. Nxd4 g6 16. Bf3 Bxf3 17. Nxf3 Bg7 18. Rac1 axb4 19. axb4 Ne4 20. Nd5 Qd8 21. Nd2 Ndf6 22. Nxe4 Nxe4 23. c5 bxc5 24. bxc5 Nxc5 25. Nxc7 Qxc7 26. Bxd6 Qb7 27. Bxc5 Ra5 28. Bd4 Rg5 29. Qc6 Qe7 30. Bxg7 Kxg7 31. Rd7 Qe6 32. Qxe6 Rxe6 33. Rc4 Rf6 34. g3 h5 35. Kg2 Ra5 36. Rf4 Rxf4 37. gxf4 Ra2 38. Rd3 Kf6 39. Kf3 Ra1 40. e4 Rg1 41. Rd6+ Ke7 42. Rb6 Rh1 43. Kg2 Re1 44. f3 h4 45. Rb2 Rc1 46. Rd2 f5 47. Rb2 Kf6 48. Rb6+ Kg7 49. Rb7+ Kf8 50. Rh7 Rc2+ 51. Kg1 Rc1+ 52. Kf2 Rc2+ 53. Ke3 Rc3+ 54. Kd4 Rxf3 55. Rxh4 Kf7 56. exf5 gxf5 57. Ke5 Kg6 58. Rh8 Re3+ 59. Kd4 Re4+ 60. Kd3 Rxf4 61. Ke3 Rf1 62. Ke2 Rh1 63. Kf2 Kg7 64. Rh4 Kf6 65. Kf3 Ra1 66. Rh8 Kg7 67. Rh4 Ra3+ 68. Kg2 Kg6 69. Rb4 Kg5 70. Kf2 Rxh3 71. Kg2 Ra3 72. Kf2 f4 73. Rb8 Ra2+ 74. Kf3 Ra3+ 75. Kf2 Kf5 76. Rf8+ Ke5 77. Re8+ Kd4 78. Rd8+ Ke5 79. Re8+ Kd6 80. Rf8 Ra4 81. Rd8+ Ke5 82. Re8+ Kf5 83. Rf8+ Kg5 84. Rg8+ Kf6 85. Kf3 Ke6 86. Rf8 Ra1 87. Rxf4 Ke5 88. Re4+ Kd5 89. Rf4 Rf1+ 90. Kg4 Rg1+ 91. Kf5 Rg8 92. Rf3 Kd4 93. Rf4+ Ke3 94. Re4+ Kf3 95. Rf4+ Kg3 96. Re4 Rf8+ 97. Ke5 Kf3 98. Rc4 Re8+ 99. Kd6 Ke3 100. Rc7 Kd4 101. Re7 Ra8 102. Rd7 Ra6+ 103. Kc7+ Kc5 104. Rd1 Ra7+ 105. Kb8 Rh7 106. Rc1+ Kd6 107. Rd1+ Ke7 108. Re1+ Kd8 109. Rd1+ Rd7 110. Rxd7+ Kxd7 1/2-1/2

[Event "December 5 Late 2023"]
[Site "https://www.chess.com"]
[Date "2023.12.05"]
[Round "7"]
[White "Martins, Vinicius Tine"]
[Black "Sarkar, Justin"]
[Result "1-0"]
[Board "60"]
[TimeControl "180+1"]
[WhiteFideId "2112884"]
[BlackFideId "2010011"]
[WhiteElo "2634"]
[BlackElo "2313"]
[WhiteTeam "BRA"]
[BlackTeam "USA"]
[WhiteClock "0:01:52"]
[BlackClock "0:00:00"]

1. d4 d5 2. Nf3 Nf6 3. Bf4 c5 4. e3 cxd4 5. exd4 Nc6 6. c3 Bf5 7. Nbd2 e6 8. Bb5 Nd7 9. a4 a6 10. Be2 Be7 11. O-O O-O 12. Re1 Rc8 13. b4 g5 14. Bg3 h5 15. h3 h4 16. Bh2 Bf6 17. Nb3 Ncb8 18. Rc1 Re8 19. Bd3 Nf8 20. a5 Ng6 21. Nc5 Bxd3 22. Qxd3 1-0

[Event "December 5 Late 2023"]
[Site "https://www.chess.com"]
[Date "2023.12.05"]
[Round "7"]
[White "Garcia Ramos, Daniel"]
[Black "Paragua, Megan Althea"]
[Result "1/2-1/2"]
[Board "61"]
[TimeControl "180+1"]
[WhiteFideId "32010311"]
[BlackFideId "30973007"]
[WhiteElo "2588"]
[BlackElo "2306"]
[WhiteTeam "ESP"]
[BlackTeam "USA"]
[WhiteClock "0:00:02"]
[BlackClock "0:00:04"]

1. e4 c5 2. Nf3 Nf6 3. Nc3 d5 4. exd5 Nxd5 5. Bc4 Nxc3 6. bxc3 e6 7. O-O Be7 8. a4 O-O 9. Qe2 Nd7 10. d4 cxd4 11. cxd4 Nb6 12. Bd3 Bd7 13. a5 Nd5 14. c4 Nf6 15. Rd1 Qc7 16. Ne5 Rfd8 17. Bf4 Bd6 18. a6 b6 19. Qf3 Rac8 20. Rac1 Bc6 21. Qh3 g6 22. Qh4 Nd7 23. Re1 Nxe5 24. dxe5 Be7 25. Qg3 Rd7 26. h4 Rcd8 27. Bb1 Bb4 28. Rf1 Bd2 29. Bxd2 Rxd2 30. h5 Qe7 31. hxg6 fxg6 32. Qe3 R2d7 33. c5 Bb5 34. Rfe1 bxc5 35. Rxc5 Bxa6 36. Rcc1 Bb7 37. Qg3 Qf7 38. Rc4 a5 39. Rf4 Qg7 40. Rf6 Rf7 41. Rxe6 Bd5 42. Rd6 Rxd6 43. exd6 Rd7 44. Re8+ Kf7 45. Re3 Qf6 46. Be4 Qxd6 47. Rf3+ Kg7 48. Bxd5 Qxd5 49. Re3 Qd1+ 50. Kh2 Qh5+ 51. Qh3 Qxh3+ 52. Kxh3 Rf7 53. Ra3 Ra7 54. Ra4 Kf6 55. Kg4 h5+ 56. Kf4 g5+ 57. Ke4 Ke6 58. f3 Kf6 59. g3 Re7+ 60. Kd4 Re5 61. Ra3 Rf5 62. Rc3 Rb5 63. Ke4 Rb4+ 64. Ke3 a4 65. Rc6+ Kf5 66. Rc5+ Ke6 67. Rxg5 Rb3+ 68. Ke4 Rb4+ 69. Ke3 Rb3+ 70. Ke4 Rb4+ 71. Kd3 Rb3+ 72. Ke2 Rb2+ 73. Kd3 Rb3+ 74. Ke4 1/2-1/2

[Event "December 5 Late 2023"]
[Site "https://www.chess.com"]
[Date "2023.12.05"]
[Round "7"]
[White "Bjelobrk, Igor"]
[Black "Wieczorek, Zbigniew"]
[Result "1-0"]
[Board "62"]
[TimeControl "180+1"]
[WhiteFideId "4300726"]
[BlackFideId "1102001"]
[WhiteElo "2584"]
[BlackElo "2233"]
[WhiteTeam "AUS"]
[BlackTeam "POL"]
[WhiteClock "0:01:00"]
[BlackClock "0:00:00"]

1. d4 d5 2. c4 e6 3. Nf3 Be7 4. g3 Nf6 5. Bg2 O-O 6. O-O Ne4 7. Qc2 c6 8. b3 f5 9. Bb2 b6 10. e3 Bb7 11. Nc3 Nd7 12. Rac1 Rc8 13. Rfd1 Kh8 14. Ne2 Bf6 15. Ne5 c5 16. Qb1 cxd4 17. exd4 dxc4 18. Nxd7 Qxd7 19. bxc4 b5 20. c5 Bc6 21. f3 Ng5 22. Rd3 Qf7 23. Rcd1 Qh5 24. Nf4 Qe8 25. Re1 Qd7 26. h4 Nf7 27. Rxe6 Rfe8 28. Rxf6 gxf6 29. d5 Ba8 30. Bxf6+ Kg8 31. c6 Qd6 32. Ba1 Ne5 33. Rd1 Nc4 34. Qd3 Re5 35. Bxe5 Qxe5 36. Kh2 Rd8 37. Qe2 Bxc6 38. dxc6 1-0

[Event "December 5 Late 2023"]
[Site "https://www.chess.com"]
[Date "2023.12.05"]
[Round "7"]
[White "Kovalevsky, Stanislav"]
[Black "Gabuzyan, Hovhannes"]
[Result "0-1"]
[Board "63"]
[TimeControl "180+1"]
[WhiteFideId "13508598"]
[BlackFideId "13303732"]
[WhiteElo "2500"]
[BlackElo "2822"]
[WhiteTeam "FID"]
[BlackTeam "ARM"]
[WhiteClock "0:00:00"]
[BlackClock "0:00:24"]

1. e4 c5 2. c3 d5 3. exd5 Qxd5 4. Nf3 g6 5. d4 Bg7 6. Nbd2 cxd4 7. Bc4 Qd8 8. Nxd4 Nh6 9. O-O O-O 10. N2f3 e5 11. Nxe5 Bxe5 12. Bxh6 Re8 13. Qf3 Qc7 14. Bb3 Bxh2+ 15. Kh1 Be5 16. Rfe1 Nc6 17. Nxc6 bxc6 18. Re3 Be6 19. Rae1 Bxb3 20. axb3 Re6 21. Qg4 Rae8 22. f4 Bg7 23. Rxe6 fxe6 24. Rxe6 Rf8 25. Bxg7 Kxg7 26. Qh4 Rxf4 27. Re7+ Kf8 28. Rxc7 Rxh4+ 29. Kg1 a5 30. Rxc6 Rh5 31. Rc7 Rb5 32. b4 axb4 33. c4 Re5 34. Rb7 Re2 35. Rxb4 Kg7 36. c5 Rc2 37. Rb5 Kf6 38. b4 Kf5 39. Kh2 Kg4 40. c6 Rxc6 41. Rb7 h5 42. b5 Rc2 43. b6 Rb2 44. Rb8 h4 45. b7 g5 46. Kg1 Kg3 47. Kf1 Rb1+ 48. Ke2 g4 49. Ke3 Rb3+ 50. Ke4 Kxg2 51. Rg8 Rb4+ 52. Kd5 Rxb7 53. Rxg4+ Kh3 54. Rg6 Re7 55. Kd4 Kh2 56. Kd3 h3 57. Kd2 Kh1 58. Kd3 h2 59. Kd2 Re4 60. Kd3 Re1 61. Kd2 Rg1 62. Rh6 Rg2+ 63. Ke1 Kg1 64. Rf6 h1=Q 65. Rf1+ Kh2 66. Rxh1+ Kxh1 0-1

[Event "December 5 Late 2023"]
[Site "https://www.chess.com"]
[Date "2023.12.05"]
[Round "7"]
[White "Mazurkiewicz, Michal"]
[Black "Adewumi, Tanitoluwa"]
[Result "0-1"]
[Board "64"]
[TimeControl "180+1"]
[WhiteFideId "1124943"]
[BlackFideId "30966396"]
[WhiteElo "2499"]
[BlackElo "2732"]
[WhiteTeam "POL"]
[BlackTeam "USA"]
[WhiteClock "0:00:12"]
[BlackClock "0:00:03"]

1. e4 c5 2. Nf3 Nc6 3. g3 Nf6 4. d3 g6 5. Bg2 Bg7 6. O-O O-O 7. Re1 d5 8. e5 Ng4 9. Bf4 f6 10. exf6 Nxf6 11. Ne5 Nh5 12. Nxc6 bxc6 13. Be5 Bxe5 14. Rxe5 Qb6 15. b3 Qc7 16. Qe2 Bg4 17. Rxe7 Rae8 18. Rxc7 Rxe2 19. Na3 Rfxf2 20. Bf1 Rxh2 21. Bxe2 Rxe2 22. Rf1 Nxg3 23. Rf2 Re1+ 24. Kg2 Nf5 25. Rxc6 Kg7 26. Rxc5 Kh6 27. Nb5 Kg5 28. Nc3 Kh4 29. Nxd5 Bh3+ 30. Kf3 Bg4+ 31. Kf4 g5# 0-1

[Event "December 5 Late 2023"]
[Site "https://www.chess.com"]
[Date "2023.12.05"]
[Round "7"]
[White "Schnaider, Ilan"]
[Black "Lin, Bryan Enming"]
[Result "0-1"]
[Board "65"]
[TimeControl "180+1"]
[WhiteFideId "169013"]
[BlackFideId "30987121"]
[WhiteElo "2691"]
[BlackElo "2496"]
[WhiteTeam "ARG"]
[BlackTeam "USA"]
[WhiteClock "0:00:03"]
[BlackClock "0:00:58"]

1. e4 e5 2. Nf3 Nc6 3. d4 exd4 4. Nxd4 Bb4+ 5. c3 Bc5 6. Nf5 g6 7. Be3 Bxe3 8. Nxe3 Nf6 9. f3 O-O 10. c4 d6 11. Nc3 Nh5 12. g3 f5 13. Bg2 f4 14. Qd5+ Kh8 15. Nf1 Qf6 16. O-O-O Be6 17. Qb5 a6 18. Qa4 b5 19. cxb5 axb5 20. Qxb5 Ne5 21. Nd5 Qf7 22. Nc3 Rfb8 23. Qe2 Bc4 24. Qc2 Bxa2 25. Nd2 Be6 26. g4 Nf6 27. g5 Nfd7 28. Ncb1 Nc5 29. Bf1 Bb3 30. Qc3 Bxd1 31. Kxd1 Ra1 32. Bc4 Qg7 33. Ke2 Na4 34. Qa5 Nxc4 35. Nxc4 Nxb2 36. Qxa1 Nxc4 37. Qxg7+ Kxg7 38. Nc3 Rb2+ 39. Kd3 Ne5+ 40. Kd4 Rd2# 0-1

[Event "December 5 Late 2023"]
[Site "https://www.chess.com"]
[Date "2023.12.05"]
[Round "7"]
[White "Rosen, Eric"]
[Black "Ladan, Nicholas"]
[Result "0-1"]
[Board "66"]
[TimeControl "180+1"]
[WhiteFideId "2032562"]
[BlackFideId "30918855"]
[WhiteElo "2689"]
[BlackElo "2479"]
[WhiteTeam "USA"]
[BlackTeam "USA"]
[WhiteClock "0:00:00"]
[BlackClock "0:00:02"]

1. e4 e5 2. Nf3 Nc6 3. Nc3 Nf6 4. d4 exd4 5. Nxd4 Bb4 6. Nxc6 bxc6 7. Bd3 O-O 8. O-O d5 9. Bd2 dxe4 10. Nxe4 Bxd2 11. Nxd2 Qd4 12. Rb1 Rd8 13. Qf3 Bb7 14. Nb3 Qb6 15. Qg3 a5 16. Nd2 Qb4 17. Nc4 Ba6 18. b3 Nd5 19. Rfe1 a4 20. h4 Nc3 21. Ra1 Nxa2 22. Re3 axb3 23. cxb3 Nc3 24. Qxc7 Nd5 25. Qg3 Nxe3 26. Qxe3 Bxc4 27. Rxa8 Rxa8 28. Bxc4 Ra1+ 29. Kh2 Qb8+ 30. g3 Ra7 31. Qc5 Rc7 32. Qe5 Qd8 33. h5 h6 34. Qf5 Re7 35. Bd3 Kf8 36. Qh7 Ke8 37. Bf5 Re5 38. Bg4 Qd4 39. Qh8+ Ke7 0-1

[Event "December 5 Late 2023"]
[Site "https://www.chess.com"]
[Date "2023.12.05"]
[Round "7"]
[White "Ventura Bolet, Maxim"]
[Black "Annaberdiyev, Meylis"]
[Result "1/2-1/2"]
[Board "67"]
[TimeControl "180+1"]
[WhiteFideId "22238824"]
[BlackFideId "14000563"]
[WhiteElo "2476"]
[BlackElo "2687"]
[WhiteTeam "ESP"]
[BlackTeam "TKM"]
[WhiteClock "0:00:04"]
[BlackClock "0:00:07"]

1. Nf3 d5 2. g3 c6 3. Bg2 Bg4 4. O-O Nd7 5. c4 e6 6. cxd5 exd5 7. d4 Ngf6 8. Nc3 Bd6 9. Bf4 Bxf4 10. gxf4 Bxf3 11. Bxf3 Qc7 12. e3 h6 13. Rc1 Qd6 14. Kh1 g5 15. Ne2 Nf8 16. Qb3 Rb8 17. Qa3 Qxa3 18. bxa3 Ne6 19. fxg5 hxg5 20. Rg1 Ke7 21. Rb1 Rh4 22. Ng3 Ng7 23. a4 Kd6 24. a5 b5 25. axb6 Rxb6 26. Rxb6 axb6 27. a4 Rh8 28. Rb1 Kc7 29. Rc1 Ra8 30. e4 Kb7 31. exd5 Nxd5 32. Bxd5 cxd5 33. Re1 Ne6 34. Nf5 Rxa4 35. Nd6+ Kc6 36. Nxf7 Nxd4 37. Nxg5 b5 38. Kg2 b4 39. Rc1+ Kb5 40. Nf7 b3 41. Ne5 Ne2 42. Rc8 Rd4 43. Rb8+ Kc5 44. Rxb3 Re4 45. Re3 Nf4+ 46. Kf3 Rxe3+ 47. fxe3 Ne6 48. h4 d4 49. exd4+ Kxd4 50. Ng4 Ng7 51. Kf4 Kd5 52. Kg5 Ne6+ 53. Kf5 Kd6 54. Kf6 Nf4 55. Kg5 Ne6+ 56. Kg6 Ke7 57. Ne5 Nf4+ 58. Kg5 Ne6+ 59. Kg6 Nf4+ 60. Kg7 Ke6 61. Ng6 Nh5+ 62. Kh6 Ng3 63. Kg5 Ne4+ 64. Kh6 Ng3 65. Kg5 Ne4+ 66. Kf4 Nf6 67. Kg5 Ne4+ 1/2-1/2

[Event "December 5 Late 2023"]
[Site "https://www.chess.com"]
[Date "2023.12.05"]
[Round "7"]
[White "Boyer, Mahel"]
[Black "Kraiouchkine, Nikita"]
[Result "0-1"]
[Board "68"]
[TimeControl "180+1"]
[WhiteFideId "45102422"]
[BlackFideId "2607140"]
[WhiteElo "2670"]
[BlackElo "2469"]
[WhiteTeam "FRA"]
[BlackTeam "CAN"]
[WhiteClock "0:00:04"]
[BlackClock "0:00:47"]

1. Nf3 d5 2. b3 Nf6 3. Bb2 e6 4. d3 b6 5. Rg1 Bb7 6. g4 c5 7. g5 Nfd7 8. e3 Nc6 9. c4 Qc7 10. Nc3 Nce5 11. Bg2 Ng6 12. cxd5 exd5 13. h4 d4 14. exd4 cxd4 15. Nb5 Bb4+ 16. Kf1 Qf4 17. Qe2+ Kf8 18. a3 Be7 19. Re1 Re8 20. h5 Bxf3 21. Bxf3 Nh4 22. Nxd4 Nxf3 23. Qxf3 Qxf3 24. Nxf3 f6 25. h6 gxh6 26. gxh6 Rg8 27. Rxg8+ Kxg8 28. Nh4 Kf7 29. Nf5 Bf8 30. Rxe8 Kxe8 31. d4 Kf7 32. d5 Kg6 33. Nd4 Bxh6 34. Nc6 a5 35. Ke2 Bf8 36. Kd3 Bc5 37. f4 Kf5 38. Bc1 h5 39. b4 axb4 40. axb4 Bd6 41. Nd4+ Kg4 42. Ke4 h4 43. Nf5 h3 44. Ne3+ Kg3 45. Kf5 Kf3 46. Ng4 Bxb4 47. Bb2 Be7 48. Bd4 b5 49. Nf2 h2 50. Ke6 Bc5 51. Kxd7 Bxd4 52. Nh1 Kg2 53. Kc6 Kxh1 54. d6 Kg1 55. d7 h1=Q+ 56. Kc7 Qh7 57. Kc8 Bb6 58. d8=Q Bxd8 59. f5 Qc7# 0-1

[Event "December 5 Late 2023"]
[Site "https://www.chess.com"]
[Date "2023.12.05"]
[Round "7"]
[White "Thomforde-Toates, Noah"]
[Black "Rama, Tejas"]
[Result "1/2-1/2"]
[Board "69"]
[TimeControl "180+1"]
[WhiteFideId "30951992"]
[BlackFideId "30907381"]
[WhiteElo "2649"]
[BlackElo "2463"]
[WhiteTeam "USA"]
[BlackTeam "USA"]
[WhiteClock "0:00:07"]
[BlackClock "0:00:16"]

1. d4 Nf6 2. Nc3 d5 3. Bf4 c5 4. e4 Nxe4 5. Nxe4 dxe4 6. dxc5 Qxd1+ 7. Rxd1 Nc6 8. Bb5 Bd7 9. Ne2 O-O-O 10. Nc3 Nb4 11. Bxd7+ Rxd7 12. Rxd7 Kxd7 13. Nxe4 Nxc2+ 14. Kd2 Nb4 15. Nc3 Na6 16. Be3 e6 17. Na4 Kc6 18. Ke2 Kb5 19. Nc3+ Kc6 20. Rc1 Be7 21. a3 Bf6 22. b4 Bxc3 23. Rxc3 Rd8 24. h4 Kb5 25. g3 Nb8 26. Bf4 Nc6 27. Bd6 a5 28. bxa5 Nxa5 29. Rc1 Ka4 30. Rb1 Nb3 31. Be7 Rd5 32. Bf8 g6 33. f3 Rd2+ 34. Ke3 Rg2 35. g4 Rc2 36. h5 Rc3+ 37. Kf4 Rxf3+ 38. Kg5 gxh5 39. gxh5 Rf5+ 40. Kh6 Nxc5 41. Bxc5 Rxc5 42. Rxb7 Rf5 43. Ra7+ Kb5 44. a4+ Kb6 45. Ra8 Kb7 46. Rh8 e5 47. Rxh7 e4 48. Rh8 e3 49. Re8 Rf3 50. Kg7 f5 51. h6 f4 52. h7 Rg3+ 53. Kf6 Rh3 54. Re7+ Kb6 55. Kf5 e2 56. Kxf4 e1=Q 57. Rxe1 Rxh7 58. Ra1 Rh4+ 59. Ke5 Ka5 60. Kd5 Rxa4 61. Rc1 Rb4 62. Kc5 Rb5+ 63. Kc4 Rb4+ 64. Kc3 Rb5 65. Rh1 Kb6 66. Kc4 Rc5+ 67. Kd4 Rc6 68. Rh5 Kc7 69. Kd5 Kb6 70. Rh8 Rc5+ 71. Kd4 Rc6 72. Rb8+ Kc7 73. Rb1 Rd6+ 74. Kc5 Rc6+ 75. Kd5 Rd6+ 76. Ke5 Kd7 77. Rb7+ Kc6 78. Ra7 Rd5+ 79. Ke4 Rd6 80. Ra6+ Kd7 81. Ra1 Ke6 1/2-1/2

[Event "December 5 Late 2023"]
[Site "https://www.chess.com"]
[Date "2023.12.05"]
[Round "7"]
[White "Rios Escobar, Adan"]
[Black "Agibileg, Uurtsaikh"]
[Result "0-1"]
[Board "70"]
[TimeControl "180+1"]
[WhiteFideId "3403645"]
[BlackFideId "4901606"]
[WhiteElo "2454"]
[BlackElo "2621"]
[WhiteTeam "CHI"]
[BlackTeam "MGL"]
[WhiteClock "0:00:01"]
[BlackClock "0:00:02"]

1. Nf3 d5 2. e3 Nf6 3. c4 e6 4. Nc3 Be7 5. b3 O-O 6. Bb2 b6 7. cxd5 exd5 8. Rc1 c5 9. d4 Bb7 10. Bd3 Nc6 11. Ne2 Rc8 12. O-O Bd6 13. Ne5 Qe7 14. f4 Ne4 15. Ng3 Nxg3 16. hxg3 f6 17. Ng6 Qxe3+ 18. Kh2 Rfe8 19. Bb1 hxg6 20. Bxg6 Ne7 21. Bxe8 Rxe8 22. Qh5 g6 23. Qh4 Kg7 24. Rce1 Qd2 25. dxc5 Qxb2 26. cxd6 Nf5 27. Qg4 Rh8+ 28. Kg1 Qd4+ 29. Rf2 Bc8 30. d7 Bxd7 31. Re7+ Nxe7 32. Qxd7 Qd1+ 33. Rf1 Rh1+ 34. Kxh1 Qxf1+ 35. Kh2 Kf7 36. Qxa7 b5 37. Qa6 Qe2 38. a4 d4 39. axb5 Qd3 40. b4 Qc4 41. Qa3 Qxb5 42. Qb3+ Qd5 43. Qd3 Nf5 44. b5 Ne3 45. b6 Qxg2# 0-1

[Event "December 5 Late 2023"]
[Site "https://www.chess.com"]
[Date "2023.12.05"]
[Round "7"]
[White "Liu, Casper"]
[Black "Golubev, Mikhail"]
[Result "0-1"]
[Board "71"]
[TimeControl "180+1"]
[WhiteFideId "1454153"]
[BlackFideId "14100983"]
[WhiteElo "2451"]
[BlackElo "2619"]
[WhiteTeam "DEN"]
[BlackTeam "UKR"]
[WhiteClock "0:00:00"]
[BlackClock "0:00:05"]

1. d4 Nf6 2. Bf4 d6 3. Nc3 Nbd7 4. e4 e5 5. dxe5 dxe5 6. Bg5 h6 7. Bxf6 Nxf6 8. Qxd8+ Kxd8 9. O-O-O+ Bd7 10. Bc4 Bc5 11. Nf3 Ng4 12. Rd5 Bd6 13. h3 Nf6 14. Rd2 Ke7 15. Rhd1 Rhd8 16. Nd5+ Nxd5 17. Bxd5 Rab8 18. c4 Be8 19. c5 Bxc5 20. Nxe5 c6 21. Bb3 Rxd2 22. Rxd2 f6 23. Nd3 Bd6 24. Kc2 Rd8 25. Re2 g5 26. e5 fxe5 27. Nxe5 Kf6 28. Ng4+ Kg7 29. Kc3 a5 30. Re6 Bb4+ 31. Kc2 Bg6+ 32. Kc1 h5 33. Ne5 Bf5 34. Nxc6 Rc8 35. Re5 Rxc6+ 36. Kd1 Kf6 37. Rb5 Rd6+ 0-1

[Event "December 5 Late 2023"]
[Site "https://www.chess.com"]
[Date "2023.12.05"]
[Round "7"]
[White "Dyachuk, Artem"]
[Black "Topalov, Aleksandar"]
[Result "0-1"]
[Board "72"]
[TimeControl "180+1"]
[WhiteFideId "34107924"]
[BlackFideId "925659"]
[WhiteElo "2597"]
[BlackElo "2449"]
[WhiteTeam "UKR"]
[BlackTeam "SRB"]
[WhiteClock "0:00:09"]
[BlackClock "0:00:08"]

1. e4 e6 2. d4 d5 3. Nc3 Bb4 4. e5 Qd7 5. Qg4 Bf8 6. Nf3 b6 7. a4 Ba6 8. Bxa6 Nxa6 9. O-O Nb4 10. Ne1 h5 11. Qe2 Ne7 12. a5 Nf5 13. axb6 cxb6 14. Nf3 Be7 15. Nd1 Nc6 16. c3 Na5 17. Ne3 Nb3 18. Rb1 Nxc1 19. Rbxc1 Nxe3 20. fxe3 O-O 21. e4 g6 22. Qe3 dxe4 23. Qxe4 b5 24. Qf4 Kg7 25. Ng5 Qd8 26. Ne4 a5 27. g4 hxg4 28. Nf6 Ra7 29. Nxg4 Bg5 30. Qg3 Bxc1 31. Rxc1 Rh8 32. Rf1 b4 33. Nf6 bxc3 34. bxc3 a4 35. Qg5 Qe7 36. Ra1 a3 37. Ra2 Qb7 38. Qc1 Qb3 39. Qa1 Rh3 40. Rf2 Rxc3 41. d5 a2 42. Rf1 Rc2 43. dxe6 Qh3 44. Rf2 Rxf2 45. Kxf2 Qxh2+ 46. Kf3 Qh3+ 47. Ke4 Qxe6 48. Qh1 Qf5+ 49. Kd4 a1=Q+ 50. Kc5 Qxh1 51. Ne8+ Kf8 52. Nd6 Qg1+ 53. Kc4 Qgf2 54. Nxf5 Qf4+ 55. Kb5 Ra4 56. Kb6 Qxf5 57. e6 Qe5 58. e7+ Ke8 59. Kc6 Kxe7 60. Kb6 f6 61. Kc6 f5 62. Kb6 Rb4+ 63. Kc6 Qb5+ 64. Kc7 Qb6+ 65. Kc8 Qb7# 0-1

[Event "December 5 Late 2023"]
[Site "https://www.chess.com"]
[Date "2023.12.05"]
[Round "7"]
[White "Bogaudinov, Rushan"]
[Black "Espinoza Villanueva, Rodrigo"]
[Result "0-1"]
[Board "73"]
[TimeControl "180+1"]
[WhiteFideId "4129288"]
[BlackFideId "5140188"]
[WhiteElo "2442"]
[BlackElo "2575"]
[WhiteTeam "RUS"]
[BlackTeam "MEX"]
[WhiteClock "0:00:32"]
[BlackClock "0:00:56"]

1. e4 c5 2. Nf3 d6 3. d4 cxd4 4. Nxd4 Nf6 5. Nc3 a6 6. h3 e5 7. Nde2 h6 8. g3 Be6 9. Be3 Nbd7 10. f4 Qc7 11. f5 Bc4 12. Qd2 b5 13. Bg2 b4 14. Nd5 Bxd5 15. exd5 Be7 16. Qxb4 O-O 17. c4 Rfb8 18. Qc3 a5 19. O-O Nc5 20. Qc2 Ra7 21. Nc3 Rab7 22. Nb5 Rxb5 23. cxb5 Rxb5 24. b3 Nfd7 25. Rac1 Qa7 26. Kh2 a4 27. bxa4 Ra5 28. Rf2 Bg5 29. Bxg5 hxg5 30. Rb1 Rxa4 31. f6 Nxf6 32. Qf5 Ncd7 33. Rbb2 g4 34. hxg4 Nxg4+ 35. Kg1 Nxf2 36. Qxf2 Nc5 37. Bf1 g6 38. Bb5 Ra3 39. Be8 Kg7 40. g4 Qe7 41. Bb5 Qg5 42. Be2 Qc1+ 0-1

[Event "December 5 Late 2023"]
[Site "https://www.chess.com"]
[Date "2023.12.05"]
[Round "7"]
[White "Khokhlova, Daria"]
[Black "Ozates, Tuna"]
[Result "0-1"]
[Board "74"]
[TimeControl "180+1"]
[WhiteFideId "24182729"]
[BlackFideId "6354521"]
[WhiteElo "2428"]
[BlackElo "2570"]
[WhiteTeam "FID"]
[BlackTeam "TUR"]
[WhiteClock "0:00:09"]
[BlackClock "0:00:21"]

1. d4 Nf6 2. c4 e6 3. g3 d5 4. Nf3 dxc4 5. Bg2 Bd7 6. Ne5 Bc6 7. Nxc6 Nxc6 8. Qa4 Qd7 9. Qxc4 Nd5 10. O-O h5 11. h4 Nb6 12. Qc3 Nxd4 13. Qd3 O-O-O 14. a3 f6 15. b4 g5 16. hxg5 h4 17. gxf6 hxg3 18. fxg3 c5 19. Be3 e5 20. bxc5 Bxc5 21. Rc1 Qc7 22. Nd2 Kb8 23. Bxd4 Rxd4 24. Qe3 Rc4 25. Nxc4 Nxc4 26. Qf2 Bxf2+ 27. Kxf2 Qc5+ 28. Kf1 Nd2+ 29. Ke1 Qg1+ 30. Kxd2 Qxg2 31. Rf1 Rd8+ 32. Ke3 Qxg3+ 33. Rf3 Qg5+ 34. Kf2 e4 35. Rg1 Qc5+ 36. Re3 Qf5+ 37. Ke1 Qxf6 38. Rf1 Qd4 39. Kf2 Rf8+ 40. Kg2 Rxf1 41. Kxf1 Qxe3 42. Ke1 Qxa3 43. Kf2 Qc5+ 44. Ke1 b5 45. e3 b4 46. Ke2 b3 47. Kf2 b2 48. Ke2 b1=Q 49. Kd2 Qd3+ 50. Ke1 Qcxe3# 0-1